 Dungeon Crawl Stone Soup version 0.31.0-9-g3a7656b989 (webtiles) character file.

Game seed: 6818722075462588983

1187 zelenmisha the Thaumaturge (level 8, -15/42 HPs)
             Began as a Deep Elf Conjurer on Jan 30, 2024.
             Demolished by Duvessa
             ... wielding a +0 rapier
              (16 damage)
             ... on level 4 of the Dungeon.
             The game lasted 00:50:55 (5513 turns).

zelenmisha the Thaumaturge (Deep Elf Conjurer)      Turns: 5513, Time: 00:50:55

Health: -15/42     AC:  7    Str:  4    XL:     8   Next: 19%
Magic:  17/22      EV:  9    Int: 26    God:
Gold:   205        SH:  0    Dex: 13    Spells: 20/24 levels left

rFire   . . .        n - staff of conjuration
rCold   + + .        (no shield)
rNeg    . . .        u - +0 ring mail of Proximity {rC++}
rPois   .            (no helmet)
rElec   .            t - +1 cloak
rCorr   .            (no gloves)
SInv    .            (no boots)
Will    .....        (no amulet)
Stlth   ++           (no ring)
HPRegen 0.27/turn    (no ring)
MPRegen 0.18/turn

%: random rage (3%)
@: unable to read
A: berserk 1, inability to read after injury 1, MP-powered wands
a: no special abilities


You were on level 4 of the Dungeon.
You visited 1 branch of the dungeon, and saw 6 of its levels.

You collected 205 gold pieces.

Inventory:

Hand Weapons
 a - a +1 whip of freezing
 f - a +1 dagger of electrocution
 m - a +2 flail of protection
 r - a +3 shortbow
 s - a +2 quarterstaff of chaos
Missiles
 c - 62 stones
 j - 11 poisoned darts
Armour
 d - a +0 scale mail of fire resistance
 t - a +1 cloak (worn)
 u - the +0 ring mail of Proximity (worn) {rC++}
   (You found it on level 3 of the Dungeon)

   rC++:      It greatly protects you from cold.
Magical Staves
 n - a staff of conjuration (weapon)
Wands
 x - a wand of flame (7)
Scrolls
 g - a scroll of vulnerability {unknown}
 k - a scroll of noise
 l - 2 scrolls of teleportation {unknown}
 v - 2 scrolls of blinking {unknown}
 w - a scroll of enchant armour {unknown}
Potions
 b - a potion of magic
 e - a potion of attraction {unknown}
 h - a potion of might
 i - a potion of cancellation
 o - 4 potions of heal wounds {unknown}
 p - a potion of brilliance {unknown}
 q - 2 potions of mutation


   Skills:
 - Level 0.4 Fighting
 - Level 0.7 Short Blades
 + Level 2.3 Armour
 + Level 3.0 Dodging
 + Level 3.2 Stealth
 * Level 8.5 Spellcasting
 + Level 7.3 Conjurations
 * Level 3.6 Evocations


You had 20 spell levels left.
You knew the following spells:

 Your Spells              Type           Power      Damage    Failure   Level
a - Magic Dart            Conj           100%       1d8       1%          1
b - Searing Ray           Conj           100%       2d8       2%          2
c - Foxfire               Conj/Fire      100%       2x1d9     7%          1

Your spell library contained the following spells:

 Spells                   Type           Power      Damage    Failure   Level
 Mephitic Cloud           Conj/Alch/Air  35%        N/A       32%         3
 Iskenderun's Battlesphe  Conj           65%        2d11      38%         5
 Ensorcelled Hibernation  Hex/Ice        22%        N/A       41%         2
 Mercury Vapours          Alch/Air       22%        N/A       41%         2
 Brom's Barrelling Bould  Conj/Erth      45%        2d6       54%         4
 Fulminant Prism          Conj/Alch      22%        3d12      54%         4
 Iskenderun's Mystic Bla  Conj/Tloc      45%        2d10      54%         4
 Fugue of the Fallen      Necr           11%        N/A       65%         3
 Fireball                 Conj/Fire      22%        3d10      88%         5
 Anguish                  Hex/Necr       5%         N/A       96%         4
 Freezing Cloud           Conj/Ice/Air   17%        6-21      97%         5
 Conjure Ball Lightning   Conj/Air       22%        3x3d6     100%        6
 Plasma Beam              Fire/Air       5%         2x1d16    100%        6
 Starburst                Conj/Fire      22%        6d8       100%        6
 Orb of Destruction       Conj           32%        9d10      100%        7


Dungeon Overview and Level Annotations

Branches:
Dungeon (6/15)
 Temple: D:4-7

Altars:
Uskayaw

Annotations:
D:4 Duvessa


Innate Abilities, Weirdness & Mutations

You sometimes lose your temper in combat.
You occasionally lose the ability to read scrolls when taking damage.
You expend magic power (3 MP) to strengthen your wands.


Message History

You start resting.
HP restored.
Things that are here:
a +0 dagger; a +0 robe Duvessa goes berserk!
Casting: Foxfire (safe; 7% risk of failure)
Press: ? - help, Q - select action, (/) - cycle Dir - look around, f - activate You feel a surge of power!
You conjure some foxfire!
The foxfire hits Duvessa but does no damage.
The foxfire hits Duvessa.
Duvessa is lightly wounded.
Casting: Foxfire (safe; 7% risk of failure)
Press: ? - help, Q - select action, (/) - cycle Dir - look around, f - activate
Okay, then.
Okay, then.
Aiming: Searing Ray (safe; 2% risk of failure)
Press: ? - help, Q - select action, (/) - cycle Shift-Dir - straight line, f - Duvessa
Aim: Duvessa, wielding a +0 rapier and wearing a +0 ring mail (lightly wounded, berserk, 87% to hit)
You feel a surge of power!
The searing ray hits Duvessa!
Duvessa is moderately wounded. (Press . to maintain the ray.)
The searing ray hits Duvessa but does no damage.
Duvessa is moderately wounded.
Duvessa barely misses you. Duvessa hits you with a +0 rapier!
The searing ray hits Duvessa.
Duvessa is moderately wounded.
Duvessa barely misses you.
The searing ray hits Duvessa.
Duvessa is moderately wounded.
You finish channelling your searing ray.
Duvessa hits you with a +0 rapier!
You feel threatened and lose the ability to read scrolls!
Duvessa hits you with a +0 rapier. Duvessa hits you with a +0 rapier!
* * * LOW HITPOINT WARNING * * *
Unknown command.
Duvessa hits you with a +0 rapier!
* * * LOW HITPOINT WARNING * * *
Duvessa hits you with a +0 rapier!
You die...

#.####### #.#.#
#.#####... #.#
#.#.# #.....'...
#.#
#.#.##########...
#.#
#.#.............#
#.#
#.###############
#.# #.#... ##.#.#
#....# #@...#
#..e........
#.....######
#.....# #.....#
#.....# .......
##.##'#.#


You could see Duvessa (berserk).

Vanquished Creatures
  Pikel (D:5)
  Grinder (D:4)
  Sigmund (D:2)
  4 lemures (D:5)
  Dowan (D:4)
  A bombardier beetle (D:5)
  A hound (D:5)
  Crazy Yiuf (D:4)
  3 iguanas
  An orc wizard (D:3)
  7 adders
  A white imp (D:5)
  2 dart slugs
  A ribbon worm (D:5)
  17 orcs
  5 bats
  9 endoplasms
  2 giant cockroaches (D:3)
  6 goblins
  5 hobgoblins
  4 quokkas
  8 ball pythons
  6 frilled lizards
  4 kobolds
  4 rats
96 creatures vanquished.

Vanquished Creatures (others)
  4 foxfires (D:4)
4 creatures vanquished.

Grand Total: 100 creatures vanquished

Notes
Turn   | Place    | Note
-------+----------+-------------------------------------------
     0 | D:1      | zelenmisha the Deep Elf Conjurer began the quest for the
                  | Orb.
     0 | D:1      | Reached XP level 1. HP: 10/10 MP: 6/6
   310 | D:1      | Reached XP level 2. HP: 15/15 MP: 4/8
   674 | D:1      | Reached skill level 5 in Conjurations
  1185 | D:2      | Reached XP level 3. HP: 19/19 MP: 5/10
  1489 | D:2      | Found a hide-covered altar of Uskayaw.
  1538 | D:2      | Noticed Sigmund
  1544 | D:2      | Killed Sigmund
  1545 | D:2      | Reached skill level 5 in Spellcasting
  1545 | D:2      | Reached skill level 1 in Evocations
  1545 | D:2      | Reached XP level 4. HP: 24/24 MP: 4/13
  1545 | D:2      | Reached XP level 5. HP: 28/28 MP: 4/14
  2199 | D:3      | Identified the +0 ring mail of Proximity {rC++}
  2315 | D:3      | Reached XP level 6. HP: 32/32 MP: 14/16
  2402 | D:3      | Learned a level 2 spell: Searing Ray
  3058 | D:3      | You fall into a shaft and drop 3 floors!
  3063 | D:5      | Entered Level 5 of the Dungeon
  3262 | D:5      | Reached skill level 6 in Spellcasting
  3600 | D:5      | Noticed Pikel
  3614 | D:5      | Killed Pikel
  3615 | D:5      | Reached skill level 1 in Armour
  3615 | D:5      | Reached skill level 7 in Spellcasting
  3615 | D:5      | Reached XP level 7. HP: 7/37 MP: 6/20
  3939 | D:5      | Gained mutation: You occasionally lose the ability to read
                  | scrolls when taking damage. [potion of mutation]
  3939 | D:5      | Gained mutation: You expend magic power (3 MP) to
                  | strengthen your wands. [potion of mutation]
  3939 | D:5      | Gained mutation: You sometimes lose your temper in combat.
                  | [potion of mutation]
  4474 | D:4      | Noticed Grinder
  4480 | D:4      | Paralysed by Grinder for 2 turns
  4489 | D:4      | Killed Grinder
  4490 | D:4      | Reached skill level 8 in Spellcasting
  4490 | D:4      | Reached XP level 8. HP: 16/42 MP: 7/22
  4803 | D:4      | Learned a level 1 spell: Foxfire
  4876 | D:4      | Found a runed translucent door.
  4877 | D:4      | Noticed Crazy Yiuf
  4888 | D:4      | Killed Crazy Yiuf
  5385 | D:4      | Noticed Duvessa
  5385 | D:4      | Noticed Dowan
  5412 | D:4      | Killed Dowan
  5513 | D:4      | HP: 1/42 [Duvessa/+0 rapier (11)]
  5513 | D:4      | Demolished by Duvessa

Illustrated notes

Levels and vault maps discovered:
D:1:      scummos_arrival_simple_fountains, layout_loops_cross,
          serial_bayou_lake_a
D:2:      layout_rooms, basic_altar, minmay_misc_feat_tiny, uniq_sigmund
D:3:      layout_basic
D:4:      layout_basic, uniq_grinder, uniq_duvessa, uniq_crazy_yiuf_cottage
D:5:      layout_loops_corners, uniq_pikel
D:6:      minmay_recursive_quarters, layout_gridville, gammafunk_ghost_split

Skill      XL: |  1  2  3  4  5  6  7  8 |
---------------+-------------------------+-----
Conjurations   | 5 6 7 |  7.3
Stealth        | 3 |  3.2
Spellcasting   | 5 7 8 |  8.5
Evocations     | 1 2 3 |  3.6
Armour         | 1 2 |  2.3
Dodging        | 3 |  3.0
Fighting       | |  0.4
Short Blades   | |  0.7

Action                     |  1- 3 |  4- 6 |  7- 9 || total
---------------------------+-------+-------+-------++-------
  Melee: Dagger            |    16 |       |       ||    16
         Staff             |       |       |     3 ||     3
   Cast: Magic Dart        |    56 |    48 |     7 ||   111
         Searing Ray       |       |    22 |    21 ||    43
         Foxfire           |       |       |     2 ||     2
    Use: Scroll            |     1 |       |     6 ||     7
         Potion            |       |       |     2 ||     2
 Armour: Ring mail         |     1 |    14 |    34 ||    49
  Dodge: Dodged            |     1 |    13 |    17 ||    31
